 Dungeon Crawl Stone Soup version 0.19.4-12-gccf7e64 (webtiles) character file.

97 Jm2c the Chopper (level 4, 0/41 HPs)
             Began as a Hill Orc Fighter on Feb 26, 2017.
             Was an Initiate of Nemelex Xobeh.
             Slain by Purgy (2 damage)
             ... in a sewer.
             The game lasted 00:18:19 (1908 turns).

Jm2c the Chopper (Hill Orc Fighter)                 Turns: 1908, Time: 00:18:20

Health: 0/41       AC:  6    Str: 24    XL:     4   Next: 68%
Magic:  4/4        EV:  7    Int:  8    God:    Nemelex Xobeh [......]
Gold:   93         SH:  9    Dex: 10    Spells: 0 memorised, 3 levels left

rFire  . . .     SeeInvis .     a - +0 war axe
rCold  . . .     Gourm    .     b - +0 scale mail
rNeg   . . .     Faith    .     c - +0 shield
rPois  .         Spirit   .     (no helmet)
rElec  .         Reflect  .     (no cloak)
rCorr  .         Harm     .     (no gloves)
MR     .....                    (no boots)
Stlth  ..........               (no amulet)
                                (no ring)
                                (no ring)

@: mighty
A: no striking features
a: Renounce Religion


You were in a sewer.
You worshipped Nemelex Xobeh.
Nemelex Xobeh was noncommittal.
You were hungry.

You visited 1 branch of the dungeon, and saw 3 of its levels.
You also visited: Sewer.

You collected 93 gold pieces.

Inventory:

Hand Weapons
 a - a +0 war axe (weapon)
Missiles
 e - 79 stones (quivered)
Armour
 b - a +0 scale mail (worn)
 c - a +0 shield (worn)
Jewellery
 j - an uncursed amulet of magic regeneration
Scrolls
 m - 2 scrolls of identify
 p - 2 scrolls of recharging
Potions
 i - a potion of lignification {unknown}
 k - a potion of flight {unknown}
 n - a potion of curing {unknown}
Miscellaneous
 o - a plain deck of escape {drawn: 3}
Comestibles
 f - 2 bread rations
 g - a meat ration
 h - 2 royal jellies
 l - 2 chunks of flesh


   Skills:
 - Level 4.6 Fighting
 - Level 5.3 Axes
 * Level 3.3 Armour
 + Level 3.3 Shields


You had 3 spell levels left.
You didn't know any spells.

Dungeon Overview and Level Annotations

Branches:
Dungeon (3/15)

Altars:
Cheibriados
Nemelex Xobeh
Uskayaw

Annotations:
Sewer Purgy


Message History

Purgy barely misses you. Purgy claws you but does no damage.
You block Purgy's attack.
Purgy clenches his teeth.
Purgy bites you but does no damage. Purgy claws you but does no damage. x2
Purgy bites you.
* * * LOW HITPOINT WARNING * * *
Purgy claws you but does no damage. Purgy claws you.
* * * LOW HITPOINT WARNING * * *
You completely miss Purgy. You block Purgy's attack. Purgy closely misses you.
Purgy claws you.
* * * LOW HITPOINT WARNING * * *
Evoke which item? (* to show all) (? for menu, Esc to quit)
You draw a card...
It is the Cloud.
Clouds appear around you! Purgy bites you.
* * * LOW HITPOINT WARNING * * *
You block Purgy's attack. Purgy closely misses you.
Purgy bites you but does no damage. Purgy claws you but does no damage. x2
Purgy hisses menacingly.
You block Purgy's attack. Purgy claws you.
You die...
Your body disappears without a glow.

....... ..... .....
.(. .(. ####### #.#
##..@..## #.#
##..T≈...## #.#
##...≈≈≈...#######.#
#.∩.≈≈≈≈≈.....(....#
##...≈≈≈...#######.#
##...≈...## #.#
##.....## #.#
####### #.# #.#


You could see Purgy.

Vanquished Creatures
  4 adders
  A worm (D:2)
  A dart slug (D:1)
  5 giant cockroaches
  9 goblins
  7 hobgoblins
  A quokka (D:2)
  7 bats
  3 frilled lizards (D:2)
  10 kobolds
  7 rats
55 creatures vanquished.

Notes
Turn   | Place    | Note
-------+----------+-------------------------------------------
     0 | D:1      | Jm2c the Hill Orc Fighter began the quest for the Orb.
     0 | D:1      | Reached XP level 1. HP: 19/19 MP: 1/1
   149 | D:1      | Reached skill level 3 in Axes
   214 | D:1      | Reached XP level 2. HP: 24/27 MP: 2/2
   649 | D:1      | Reached XP level 3. HP: 25/33 MP: 3/3
   772 | D:1      | Reached skill level 4 in Axes
  1034 | D:2      | Found a snail-covered altar of Cheibriados.
  1331 | D:2      | Found a sparkling altar of Nemelex Xobeh.
  1339 | D:2      | Became a worshipper of Nemelex Xobeh the Trickster
  1342 | D:2      | Received a gift from Nemelex Xobeh
  1507 | D:2      | Reached XP level 4. HP: 41/41 MP: 4/4
  1689 | D:2      | Found a hide-covered altar of Uskayaw.
  1747 | D:3      | Found a glowing drain.
  1778 | D:3      | Reached skill level 5 in Axes
  1804 | Sewer    | Entered a sewer
  1844 | Sewer    | Noticed Purgy
  1899 | Sewer    | HP: 2/41 [Purgy (3)]
  1908 | Sewer    | Slain by Purgy

Skill      XL: |  1  2  3  4 |
---------------+-------------+-----
Axes           | 3 4 5 |  5.3
Fighting       | 4 |  4.6
Armour         | |  3.3
Shields        | |  3.3

Action                   |  1- 3 |  4- 6 || total
-------------------------+-------+-------++-------
Melee: War axe           |   132 |    57 ||   189
Throw: Stone             |    42 |    14 ||    56
Evoke: Deck              |       |     3 ||     3
  Use: Scroll            |     2 |     1 ||     3
       Potion            |       |     1 ||     1
  Eat: Chunk             |     2 |     1 ||     3
Armor: Scale mail        |    46 |    47 ||    93
Dodge: Dodged            |    38 |    32 ||    70
Block: Shield            |    46 |    40 ||    86
